 Dungeon Crawl Stone Soup version 0.30-a0-509-gd016549fea (webtiles) character file.

Game seed: 11472111268038936828

10345 xzight the Thaumaturge (level 11, -18/87 (96) HPs)
             Began as a Deep Elf Fire Elementalist on Dec 22, 2022.
             Was a Believer of Ashenzari.
             Killed from afar by Josephine (26 damage)
             ... with a ghostly fireball
             ... on level 9 of the Dungeon.
             The game lasted 00:37:37 (17862 turns).

xzight the Thaumaturge (DEFE)                      Turns: 17862, Time: 00:37:38

HP:   -18/87 (96)   AC: 25    Str:  5    XL:     11   Next: 35%
MP:   0/36          EV:  2    Int: 25    God:    Ashenzari [**....]
Gold: 224           SH:  0    Dex: 15    Spells: 28/31 levels left

rFire   + . .      SeeInvis +    g - staff of earth {!a}
rCold   . . .      Faith    .    (no shield)
rNeg    . . .      Spirit   +    (body armour currently unavailable)
rPois   +          Reflect  .    (helmet currently unavailable)
rElec   .          Harm     .    (cloak currently unavailable)
rCorr   .          Rampage  .    (gloves currently unavailable)
Will    +....      NoTele   +    (boots currently unavailable)
Stlth   ++........               e - amulet of the Bound Moon {Spirit, Fort, Range} (curse)
HPRegen 0.34/turn                M - ring of Panopticon {MP+9, Melee, Fort} (curse)
MPRegen 0.25/turn                F - ring of protection from fire

@: tree-form, slowed, studying Stealth, drained, very slow
A: stationary, stasis, torment immunity, boosted hp
a: Renounce Religion, Shatter the Chains


You were on level 9 of the Dungeon.
You worshipped Ashenzari.
Ashenzari was pleased with you.
You were a tree.
You visited 2 branches of the dungeon, and saw 11 of its levels.
You also visited: Ossuary.

You collected 542 gold pieces.
You spent 318 gold pieces at shops.


   Skills:
 + Level 6.2 Fighting
 + Level 9.4 Dodging
 - Level 2.4 Stealth
 + Level 10.5 Spellcasting
 + Level 8.5 Conjurations
 - Level 10.1 Fire Magic
 + Level 4.2 Ice Magic


You had 28 spell levels left.
You knew the following spells:

 Your Spells              Type           Power      Damage    Failure   Level
a - Foxfire               Conj/Fire      100%       2x1d9     1%          1
b - Scorch                Fire           100%       2d10      1%          2

Your spell library contained the following spells:

 Spells                   Type           Power      Damage    Failure   Level
 Inner Flame              Hex/Fire       38%        N/A       1%          3
 Flame Wave               Conj/Fire      56%        2d13      1%          4
 Kindle Blastsparks       Fire/Tloc/Air  60%        2d15      3%          3
 Slow                     Hex            52%        N/A       4%          1
 Confusing Touch          Hex            13%        N/A       14%         3
 Vampiric Draining        Necr           13%        2d6       14%         3
 Summon Ice Beast         Ice/Summ       23%        N/A       21%         4
 Irradiate                Conj/Tmut      17%        3d17      22%         5
 Animate Dead             Necr           13%        N/A       43%         4
 Blade Hands              Tmut           6%         N/A       78%         5
 Summon Mana Viper        Hex/Summ       13%        N/A       78%         5
 Dragon Form              Tmut           6%         N/A       100%        7
 Haunt                    Necr/Summ      6%         N/A       100%        7
 Monstrous Menagerie      Summ           6%         N/A       100%        7
 Infestation              Necr           6%         N/A       100%        8

Inventory:

Missiles
 p - 2 throwing nets {=f}
Armour
 c - the cursed +0 helmet "All-seeing Prison" (melded) {Self, Evo}
   (You found it on level 1 of the Dungeon)

   It has a curse which improves the following skills: Introspection: Fighting
   and Spellcasting.
   Evocations: Evocations.
 y - the cursed +0 pair of gloves of the Fated Heresy (melded) {Elem, Self}
   (You found it on level 7 of the Dungeon)

   It has a curse which improves the following skills: Elements: Fire Magic, Ice
   Magic, Air Magic and Earth Magic.
   Introspection: Fighting and Spellcasting.
 z - a +1 robe of positive energy (melded)
Magical Staves
 g - a staff of earth (weapon) {!a}
Jewellery
 e - the cursed amulet of the Bound Moon (around neck) {Spirit, Fort, Range}
   (You found it on level 8 of the Dungeon)

   [amulet of guardian spirit]

   It causes incoming damage to be divided between your reserves of health and
   magic.
   It has a curse which improves the following skills: Fortitude: Armour and
   Shields.
   Ranged Combat: Ranged Weapons and Throwing.
 F - a ring of protection from fire (right branch)
 M - the cursed ring of Panopticon (left branch) {MP+9, Melee, Fort}
   (You found it on level 3 of the Dungeon)

   [ring of magical power]

   MP:        It affects your magic capacity (+9).
   It has a curse which improves the following skills: Melee Combat: Short
   Blades, Long Blades, Axes, Maces & Flails, Polearms, Staves and Unarmed
   Combat.
   Fortitude: Armour and Shields.
 N - a ring of positive energy
Wands
 n - a wand of quicksilver (14)
 s - a wand of polymorph (3)
 t - a wand of flame (18)
Scrolls
 q - a scroll of amnesia
Potions
 a - a potion of berserk rage {!q}
 b - 2 potions of magic
 d - 3 potions of flight
 f - a potion of haste {@q3}
 h - 3 potions of lignification
 j - a potion of resistance
 m - a potion of ambrosia
 r - 2 potions of brilliance
 w - 6 potions of mutation
 A - 2 potions of might

Dungeon Overview and Level Annotations

Branches:
Dungeon (10/15)            Temple (1/1) D:5            Lair (0/5) D:8
Ossuary (visited)
    Orc: D:9-12

Altars:
Ashenzari
Cheibriados
Dithmenos
Elyvilon
Fedhas
Gozag
Hepliaklqana
Kikubaaqudgha
Makhleb
Nemelex Xobeh
Okawaru
Qazlal
Ru
Sif Muna
Trog
Uskayaw
Vehumet
Wu Jian
Xom
Yredelemnul
Zin
The Shining One

Shops:
D:5 =   D:6 :[(   D:7 !:?!!

Annotations:
D:4 1 runed translucent door, xzight's ghost, amateur DEFE
D:7 1 runed translucent door, Crazy Yiuf
D:9 Josephine

..# #.# #.# ##...##.# ### #.# #.#
######.# ####### #.# #.# ##.##
#.....#####.###.#########...##
####............##.#............#
.........#.........#.#######....#
####.....#......##...########.#.#
#.....#..##.W##.....<..# #.#.#
#######..##.W♣@...[###.# #.#.#
#..##.####...###.# #.#.#
###..##.....>...##.# #.#.#
#.....######....##.###.#.#
##.....# #.............#
#......######........)..###
#...................#...#
###.......###..........)..#
#.....###.# #....[.(..#..##


You could see Josephine and 2 wraiths.


Message History

Josephine is healed by the life force!
The wraith hits you!
* * * LOW HITPOINT WARNING * * *
The wraith drains your vigour!
You feel as though you will be slow longer.
The wraith misses you. The wraith hits you.
* * * LOW HITPOINT WARNING * * *
The wraith drains your vigour!
You feel as though you will be slow longer.
Josephine hits you with a +1 dagger of venom.
* * * LOW HITPOINT WARNING * * *
You are more poisoned.
You feel better.
Josephine is no longer more vulnerable to fire.
The wraith misses you. Josephine draws life force from you!
* * * LOW HITPOINT WARNING * * *
Josephine is healed by the life force!
The wraith hits you.
* * * LOW HITPOINT WARNING * * *
The wraith drains your vigour!
You feel as though you will be slow longer.
Really quaff the potion of lignification?
You turn into a tree.
The cursed +0 helmet "All-seeing Prison" {Self, Evo} melds into your body.
The cursed +0 pair of gloves of the Fated Heresy {Elem, Self} melds into your body.
Your +1 robe of positive energy melds into your body.
You feel less protected from negative energy.
Your roots penetrate the ground.
The wraith hits you but does no damage.
Josephine gestures at you while chanting.
The ghostly flame explodes!
The ghostly fireball engulfs you!!
You feel drained.
You die...

Skill      XL: |  1  2  3  4  5  6  7  8  9 10 11 |
---------------+----------------------------------+-----
Fire Magic     | 4 5 6 8 9 10 | 10.1
Dodging        | 3 4 5 6 7 8 9 |  9.4
Conjurations   | 2 3 4 5 6 8 |  8.5
Fighting       | 1 2 3 4 5 6 |  6.2
Spellcasting   | 4 5 6 8 9 10 | 10.5
Ice Magic      | 3 4 |  4.2
Stealth        | |  2.4

Action                   |  1- 3 |  4- 6 |  7- 9 | 10-12 || total
-------------------------+-------+-------+-------+-------++-------
Melee: Staff             |       |       |     4 |       ||     4
 Cast: Foxfire           |   152 |    66 |   186 |   204 ||   608
       Scorch            |       |    22 |   112 |   161 ||   295
Invok: Curse Item        |       |       |     1 |     3 ||     4
  Use: Scroll            |     3 |     1 |     8 |    14 ||    26
       Potion            |       |       |     7 |    14 ||    21
Armor: Robe              |     6 |     3 |    26 |    40 ||    75
       Skin              |       |       |       |    61 ||    61
Dodge: Dodged            |    11 |    18 |   109 |   228 ||   366

Levels and vault maps discovered:
D:1:      dpeg_arrival_connections, layout_basic, serial_corexii_hall,
          corexii_hall_statues_l, corexii_hall_statues_i
D:2:      layout_rooms, hangedman_decor_clover_reticule
D:3:      layout_loops_ring, mrwooster_statue_mirror
D:4:      layout_loops_corners, mainiacjoe_overflow_catwalk,
          chequers_temple_overflow_minitemple, hellmonk_ghost_happy_afterlife
D:5:      layout_basic, minmay_temple_entry_nine_rooms, minivault_5,
          nicolae_shop_unique_rings
D:6:      layout_basic, nicolae_hepliaklqana_monster_ancestors,
          nicolae_wu_jian_wuxing_cycle, serial_shops, shop,
          nicolae_take_the_stairs, nicolae_shop_competitors_out_of_business
D:7:      kennysheep_seaside_town, layout_rooms, cheibrodos_ashenzari_chains,
          mainiacjoe_overflow_paths, serial_shops, nicolae_inconvenience_store,
          nicolae_shop_behind_doors, shop, shop, shop, uniq_duvessa,
          uniq_crazy_yiuf_cottage
D:8:      layout_cave_pools, kennysheep_ying_yang,
          nicolae_overflow_crystal_walls, lair_entry_dummy, enter_ossuary_1,
          serial_column_ruins, column_ruins_courtyard_long_water,
          column_ruins_open_medium, column_ruins_grid_3,
          column_ruins_open_medium, column_ruins_open_medium,
          column_ruins_columns_corner, column_ruins_columns_straight,
          column_ruins_open_small, uniq_joseph
D:9:      lemuel_ogre_cave, layout_loops_ring
D:10:     layout_cave_pools, serial_park, serial_park_square2,
          serial_park_gazebo [serial_park_minivault_5x5_2], serial_park_square2,
          serial_park_tiny_2, serial_park_square2, serial_park_tiny_pond,
          uniq_josephine
Temple:   hellmonk_temple_divided_pantheon

Notes
Turn   | Place    | Note
-------+----------+-------------------------------------------
     0 | D:1      | xzight the Deep Elf Fire Elementalist began the quest for
                  | the Orb.
     0 | D:1      | Reached XP level 1. HP: 10/10 MP: 6/6
   537 | D:1      | Reached XP level 2. HP: 15/15 MP: 6/8
   540 | D:1      | Learned a level 2 spell: Scorch
  1283 | D:1      | Reached XP level 3. HP: 20/20 MP: 5/9
  2044 | D:2      | Reached skill level 4 in Fire Magic
  2435 | D:2      | Reached skill level 3 in Dodging
  2605 | D:2      | Identified a potion of resistance
  2733 | D:3      | Reached skill level 2 in Conjurations
  2908 | D:3      | Reached XP level 4. HP: 24/24 MP: 11/11
  2947 | D:3      | Reached skill level 1 in Fighting
  3784 | D:4      | Identified the +0 helmet of the Cooper {Str+4 Int-5}
  3958 | D:4      | Found a hide-covered altar of Uskayaw.
  3958 | D:4      | Found a glowing golden altar of the Shining One.
  3964 | D:4      | Found an opulent altar of Gozag.
  3966 | D:4      | Found an ancient bone altar of Kikubaaqudgha.
  3968 | D:4      | Found an iron altar of Okawaru.
  4144 | D:4      | Reached skill level 4 in Spellcasting
  4144 | D:4      | Reached XP level 5. HP: 11/29 MP: 13/13
  4300 | D:4      | Found a blossoming altar of Fedhas.
  4439 | D:4      | Noticed an ice beast
  4454 | D:4      | Killed an ice beast
  4455 | D:4      | Reached skill level 3 in Conjurations
  4455 | D:4      | Reached skill level 5 in Fire Magic
  4455 | D:4      | Reached XP level 6. HP: 13/35 MP: 11/14
  4553 | D:4      | Noticed xzight's ghost (amateur DEFE)
  4556 | D:4      | Found a runed translucent door.
  5026 | D:5      | Entered Level 5 of the Dungeon
  5082 | D:5      | Reached skill level 2 in Fighting
  5082 | D:5      | Reached skill level 4 in Dodging
  5308 | D:5      | Found Foaghaet's One-of-a-Kind Rings.
  5348 | D:5      | Noticed an ice beast
  5356 | D:5      | Killed an ice beast
  5357 | D:5      | Reached skill level 5 in Spellcasting
  5357 | D:5      | Reached XP level 7. HP: 40/40 MP: 16/16
  5773 | D:5      | Reached skill level 6 in Fire Magic
  5863 | D:5      | Found a staircase to the Ecumenical Temple.
  5938 | Temple   | Entered the Ecumenical Temple
  5938 | Temple   | Found a transporter.
  5938 | Temple   | Found a transporter.
  5940 | Temple   | Found a transporter.
  5940 | Temple   | Found a transporter.
  6399 | D:6      | Reached skill level 4 in Conjurations
  6495 | D:6      | Reached skill level 5 in Dodging
  6537 | D:6      | Reached XP level 8. HP: 45/45 MP: 18/18
  6611 | D:6      | Reached skill level 3 in Fighting
  6611 | D:6      | Reached skill level 6 in Spellcasting
  6611 | D:6      | Reached skill level 7 in Fire Magic
  6762 | D:6      | Found Louneog's Book Shoppe.
  7027 | D:6      | Found Xaypp's Antique Weapon Shoppe.
  7092 | D:6      | Reached skill level 5 in Conjurations
  7147 | D:6      | Reached skill level 8 in Fire Magic
  7173 | D:6      | Found Mycia's Armour Shop.
  7270 | D:6      | Reached skill level 6 in Dodging
  7336 | D:6      | Found an ornate altar of the Wu Jian Council.
  7412 | D:6      | Found a hazy altar of Hepliaklqana.
  7870 | D:7      | Found Voaw's Distillery.
  7878 | D:7      | Reached XP level 9. HP: 49/52 MP: 21/21
  7882 | D:7      | Reached skill level 7 in Spellcasting
  7914 | D:7      | Noticed Duvessa
  7920 | D:7      | Noticed Dowan
  7933 | D:7      | Killed Dowan
  7937 | D:7      | Killed Duvessa
  8104 | D:7      | Bought a potion of heal wounds for 70 gold pieces
  8104 | D:7      | Bought a potion of heal wounds for 70 gold pieces
  8174 | D:7      | Found Buasch's Book Shop.
  8180 | D:7      | Found a bloodstained altar of Trog.
  8196 | D:7      | Found Cimajir's Distillery.
  8218 | D:7      | Bought 2 potions of heal wounds for 150 gold pieces
  8220 | D:7      | Found Eckibyce's Magic Scroll Boutique.
  8222 | D:7      | Found a broken altar of Ashenzari.
  8236 | D:7      | Became a worshipper of Ashenzari the Shackled
  8249 | D:7      | Bought a scroll of identify for 28 gold pieces
  8312 | D:7      | Reached skill level 4 in Fighting
  8970 | D:7      | Found Gaimil's Distillery.
  9140 | D:7      | Found a runed translucent door.
  9141 | D:7      | Noticed Crazy Yiuf
  9237 | D:7      | Reached skill level 9 in Fire Magic
  9521 | D:7      | Reached skill level 6 in Conjurations
  9801 | D:7      | Reached skill level 7 in Dodging
  9801 | D:7      | Reached skill level 8 in Spellcasting
  9876 | D:7      | HP: 5/52 [poisoned by an orc warrior]
 10394 | D:8      | Found a sand-covered staircase.
 10403 | Ossuary  | Entered an ossuary
 10550 | Ossuary  | HP: 5/54 [poisoned by a scorpion]
 10780 | Ossuary  | Identified the cursed +0 helmet "All-seeing Prison" {Self,
                  | Evo} (You found it on level 1 of the Dungeon)
 10983 | Ossuary  | Reached XP level 10. HP: 59/59 MP: 24/24
 11205 | Ossuary  | Reached skill level 10 in Fire Magic
 11623 | D:8      | Reached * piety under Ashenzari
 11626 | D:8      | Found a white marble altar of Elyvilon.
 11745 | D:8      | Found a staircase to the Lair.
 11914 | D:8      | Found a basalt altar of Yredelemnul.
 12193 | D:8      | Noticed Joseph
 12210 | D:8      | Killed Joseph
 12211 | D:8      | Reached skill level 5 in Fighting
 12211 | D:8      | Reached skill level 7 in Conjurations
 12331 | D:8      | Found a snail-covered altar of Cheibriados.
 12338 | D:8      | Reached skill level 9 in Spellcasting
 12684 | D:9      | Reached skill level 8 in Dodging
 12807 | D:9      | Noticed a two-headed ogre
 12989 | D:9      | Reached ** piety under Ashenzari
 13204 | D:9      | Reached skill level 1 in Ice Magic
 13809 | D:9      | Reached skill level 2 in Ice Magic
 14095 | D:9      | Killed a two-headed ogre
 14488 | D:8      | Reached skill level 3 in Ice Magic
 14618 | D:9      | Reached skill level 8 in Conjurations
 14618 | D:9      | Reached XP level 11. HP: 64/68 MP: 28/28
 14638 | D:8      | Reached skill level 10 in Spellcasting
 14979 | D:9      | Reached skill level 9 in Dodging
 15669 | D:10     | Entered Level 10 of the Dungeon
 15676 | D:10     | Noticed a two-headed ogre
 15677 | D:10     | Reached skill level 6 in Fighting
 15737 | D:10     | Noticed a two-headed ogre
 16070 | D:8      | Found a snail-covered altar of Cheibriados.
 16262 | D:8      | Found a basalt altar of Yredelemnul.
 16456 | D:8      | Found a staircase to the Lair.
 16508 | D:8      | Found a white marble altar of Elyvilon.
 17426 | D:10     | Killed a two-headed ogre
 17427 | D:10     | Reached skill level 4 in Ice Magic
 17509 | D:10     | Identified the cursed +0 pair of gloves of the Fated Heresy
                  | {Elem, Self} (You found it on level 7 of the Dungeon)
 17823 | D:10     | Noticed Josephine
 17861 | D:9      | HP: 5/65 [wraith[Josephine] (4)]
 17862 | D:9      | Killed from afar by Josephine

Vanquished Creatures
  2 two-headed ogres
  Joseph (D:8)
  A troll (D:9)
  10 yaks
  A wraith (D:10)
  3 wyverns
  3 steam dragons
  6 two-headed ogre zombies (D:9)
  A water moccasin (D:6)
  Duvessa (D:7)
  An acid dragon (D:10)
  5 orc warriors
  5 ice beasts
  2 sky beasts
  2 black bears (D:6)
  7 ogres
  3 centaurs
  3 phantoms
  2 kobold brigands (D:9)
  2 bullfrogs
  A necrophage (D:5)
  10 scorpions (Ossuary)
  3 wights (D:9)
  Dowan (D:7)
  6 killer bees (D:10)
  2 howler monkeys (D:7)
  9 orc priests
  3 centaur zombies (Ossuary)
  2 human zombies (Ossuary)
  A jelly (D:6)
  4 hounds
  4 gnoll boudas (D:7)
  6 scorpion zombies (Ossuary)
  7 iguanas
  8 orc wizards
  3 mummies (Ossuary)
  4 adders
  9 gnolls (D:7)
  A white imp (D:8)
  3 worms
  4 dart slugs
  30 orcs
  7 endoplasms
  5 giant cockroaches
  3 gnoll zombies (Ossuary)
  6 goblins
  4 hobgoblins
  4 jackals (D:1)
  3 quokkas
  9 ball pythons
  3 bats
  4 frilled lizards
  2 goblin zombies (Ossuary)
  2 hobgoblin zombies (Ossuary)
  13 kobolds
  2 orc zombies (Ossuary)
  4 rats
  A spectral goblin (D:6)
254 creatures vanquished.

Vanquished Creatures (collateral kills)
  An orc (D:8)
1 creature vanquished.

Vanquished Creatures (others)
  2 bushes (D:10)
  989 foxfires
  6 fungi (D:7)
  9 plants (D:7)
1006 creatures vanquished.

Grand Total: 1261 creatures vanquished

Table legend: (Time is in decaauts)
 A = Elapsed time spent in this place.
 B = Non-inter-level travel time spent in this place.
 C = Inter-level travel time spent in this place.
 D = Time resting spent in this place.
 E = Time spent auto-exploring this place.
 F = Levels seen in this place.
 G = Mean time per level.
                   A        B        C        D        E       F      G
               +--------+--------+--------+--------+--------+-----+--------+
         Total |  17811 |  17058 |    753 |   4525 |   9392 |  12 | 1484.2 |
       Dungeon |  16645 |  15899 |    746 |   4050 |   9084 |  10 | 1664.5 |
        Temple |     38 |     31 |      7 |      0 |      7 |   1 |   38.0 |
       Ossuary |   1127 |   1127 |      0 |    475 |    301 |   1 | 1127.0 |
               +--------+--------+--------+--------+--------+-----+--------+

Top non-repeatable levels by time:
     D:9: 3292 daAuts
     D:8: 2434 daAuts
     D:6: 2192 daAuts
     D:7: 1808 daAuts
     D:1: 1793 daAuts
     D:4: 1323 daAuts
     D:5: 1299 daAuts
 Ossuary: 1127 daAuts
     D:3: 1068 daAuts
     D:2: 839 daAuts
    D:10: 594 daAuts
  Temple: 38 daAuts

Table legend:
 A = Non-vault XP
 B = Vault XP
 C = Vault XP percentage of total XP
 D = Non-vault monster count
 E = Vault monster count
 F = Vault count percentage of total count
                 A         B        C        D         E       F
            +---------+---------+-------+---------+---------+-------
      Total |   10361 |    4418 |  29.9 |     187 |      68 |  26.7
            +---------+---------+-------+---------+---------+-------
        D:1 |      50 |       0 |   0.0 |      29 |       0 |   0.0
        D:2 |      31 |       0 |   0.0 |      13 |       0 |   0.0
        D:3 |      92 |       0 |   0.0 |      16 |       0 |   0.0
        D:4 |     326 |       0 |   0.0 |      16 |       0 |   0.0
        D:5 |     671 |       0 |   0.0 |       8 |       0 |   0.0
        D:6 |    1523 |       3 |   0.2 |      22 |       2 |   8.3
        D:7 |     672 |    1687 |  71.5 |      15 |      26 |  63.4
        D:8 |    1756 |     430 |  19.7 |      28 |       1 |   3.4
        D:9 |    3472 |     952 |  21.5 |      30 |       6 |  16.7
       D:10 |    1768 |       0 |   0.0 |      10 |       0 |   0.0
    Ossuary |       0 |    1346 | 100.0 |       0 |      33 | 100.0
            +---------+---------+-------+---------+---------+-------
